 Dungeon Crawl Stone Soup version 0.28.0-53-g5a82cb258f (webtiles) character file.

Game seed: 170666563504927753

717 nonceun the Cleaver (level 7, 0/57 HPs)
             Began as a Minotaur Berserker on July 10, 2022.
             Was a Believer of Trog.
             Slain by a phantom (7 damage)
             ... on level 5 of the Dungeon.
             The game lasted 00:15:31 (3981 turns).

nonceun the Cleaver (Minotaur Berserker)            Turns: 3981, Time: 00:15:32

Health: 0/57       AC:  6    Str: 24    XL:     7   Next: 42%
Magic:  6/6        EV:  9    Int:  4    God:    Trog [**....]
Gold:   154        SH:  6    Dex:  9    Spells: 6/6 levels left

rFire   + . .      SeeInvis .   a - +0 hand axe
rCold   . . .      Faith    .   y - +0 kite shield
rNeg    . . .      Spirit   .   l - +0 ring mail
rPois   .          Reflect  .   (helmet restricted)
rElec   .          Harm     .   (no cloak)
rCorr   .          Rampage  .   p - +0 pair of gloves
Will    .....                   (no boots)
Stlth   ..........              (no amulet)
HPRegen 0.19/turn               m - ring of protection from fire
MPRegen 0.10/turn               (no ring)

@: on berserk cooldown, slowed, very slow
A: horns 2, retaliatory headbutt
a: Renounce Religion, Berserk, Trog's Hand


You were on level 5 of the Dungeon.
You worshipped Trog.
Trog was pleased with you.
You visited 1 branch of the dungeon, and saw 5 of its levels.

You collected 154 gold pieces.

Inventory:

Hand Weapons
 a - a +0 hand axe (weapon)
Missiles
 d - 17 poisoned darts
 e - 157 stones (quivered)
 k - 7 boomerangs
Armour
 c - a +0 leather armour of willpower
 l - a +0 ring mail (worn)
 p - a +0 pair of gloves (worn)
 y - a +0 kite shield (worn)
Jewellery
 m - a ring of protection from fire (left hand)
Wands
 s - a wand of paralysis (8)
 w - a wand of polymorph (5)
Scrolls
 b - 2 scrolls of vulnerability {unknown}
 f - a scroll of magic mapping {unknown}
 h - 7 scrolls of identify {unknown}
 o - 2 scrolls of noise {unknown}
 q - a scroll of blinking {unknown}
 r - a scroll of brand weapon {unknown}
 v - a scroll of teleportation {unknown}
 x - a scroll of holy word {unknown}
Potions
 g - 3 potions of curing {unknown}
 i - 2 potions of mutation {unknown}
 j - a potion of haste {unknown}
 n - a potion of attraction {unknown}
 t - a potion of berserk rage {unknown}
 u - a potion of flight {unknown}


   Skills:
 - Level 3.6 Fighting
 * Level 10.5 Axes
 - Level 2.4 Armour
 - Level 2.1 Dodging
 + Level 0.3 Shields


You had 6 spell levels left.
You didn't know any spells.
Your spell library was empty.

Dungeon Overview and Level Annotations

Branches:
Dungeon (5/15)
 Temple: D:4-7

Altars:
Fedhas
Kikubaaqudgha
Yredelemnul

Annotations:
D:3 3 runed translucent doors, RedNights's ghost, amateur DENe


Innate Abilities, Weirdness & Mutations

You have a pair of horns on your head.
You reflexively headbutt those who attack you in melee.


Message History

The centaur zombie is almost destroyed.
You closely miss something. You block the centaur zombie's attack.
The centaur zombie kicks you but does no damage.
Something hits you.
You slice the centaur zombie!!
You destroy the centaur zombie!
Trog accepts your kill.
You hit something but do no damage. The white imp gestures at you.
The puff of frost hits you. Something hits you.
* * * LOW HITPOINT WARNING * * *
The phantom hits you but does no damage.
You barely miss the phantom. Your headbutt misses the phantom.
You hit something.
You are no longer berserk.
You are exhausted.
You feel yourself slow down. The white imp gestures at you.
The puff of frost hits you!
* * * LOW HITPOINT WARNING * * *
You slash the orc! You headbutt the orc.
You kill the orc!
Trog accepts your kill.
You closely miss something. You miss the phantom.
Your skin stops crawling.
You feel less strong-willed. The phantom closely misses you.
You furiously retaliate!
You headbutt the phantom! Something hits you but does no damage.
The phantom hits you but does no damage.
You closely miss something. You barely miss the phantom.
The white imp gestures at you.
The puff of frost hits something!
Reactivating autopickup.
You feel a bit more experienced. The phantom hits you.
* * * LOW HITPOINT WARNING * * *
You hear some strange, mumbled words.
Deactivating autopickup; reactivate with Ctrl-A.
Something tries to affect you, but you resist.
The phantom hits you!
You die...

.... .. ....####.. .
##....... ..
##.......# ...
#.......# ....
#.......###.....
##......#.......
#......){5......
##....@W)##......
##<....).(#.......
###..#...)..........
#........##†........
###.#......####.....
#.###.......# ....
## ##....... .
##...... #..##..


You could see a phantom and a white imp.

Vanquished Creatures
  A black bear (D:4)
  2 phantoms
  A scorpion (D:4)
  A centaur zombie (D:5)
  4 hounds (D:4)
  2 iguanas
  3 orc wizards
  Robin (D:3)
  4 adders
  An ufetubus (D:5)
  A worm (D:4)
  2 dart slugs
  12 orcs
  5 ball pythons
  3 endoplasms
  3 giant cockroaches
  12 goblins
  2 hobgoblins
  6 kobolds
  2 quokkas
  5 bats
  3 frilled lizards
  5 rats
  A spectral orc (D:3)
82 creatures vanquished.

Vanquished Creatures (others)
  An orc wizard (D:5)
1 creature vanquished.

Grand Total: 83 creatures vanquished

Notes
Turn   | Place    | Note
-------+----------+-------------------------------------------
     0 | D:1      | nonceun the Minotaur Berserker began the quest for the Orb.
     0 | D:1      | Reached XP level 1. HP: 19/19 MP: 0/0
    49 | D:1      | Found a faded altar of an unknown god.
    69 | D:1      | Reached skill level 4 in Axes
   185 | D:1      | Reached XP level 2. HP: 25/26 MP: 1/1
   267 | D:1      | You fall into a shaft and drop 1 floor!
  1200 | D:2      | Reached skill level 5 in Axes
  1401 | D:3      | Noticed RedNights's ghost (amateur DENe)
  1402 | D:3      | Found a runed translucent gate.
  1402 | D:3      | Found a runed translucent gate.
  1407 | D:3      | Found a runed translucent gate.
  1429 | D:2      | Reached XP level 3. HP: 31/31 MP: 2/2
  1809 | D:3      | Noticed Robin
  1872 | D:3      | Reached ** piety under Trog
  1893 | D:3      | Killed Robin
  2055 | D:3      | Found a basalt altar of Yredelemnul.
  2370 | D:4      | Reached skill level 6 in Axes
  2370 | D:4      | Reached XP level 4. HP: 36/39 MP: 3/3
  2558 | D:4      | Noticed a scorpion
  2906 | D:4      | Noticed a black bear
  2913 | D:4      | Killed a black bear
  2914 | D:4      | Reached skill level 7 in Axes
  2914 | D:4      | Reached XP level 5. HP: 45/45 MP: 4/4
  3107 | D:4      | Reached skill level 8 in Axes
  3182 | D:4      | Noticed a phantom
  3201 | D:4      | Killed a phantom
  3202 | D:4      | Reached XP level 6. HP: 50/51 MP: 5/5
  3283 | D:4      | Reached skill level 9 in Axes
  3762 | D:5      | Entered Level 5 of the Dungeon
  3823 | D:5      | Found a blossoming altar of Fedhas.
  3825 | D:5      | Noticed an orc warrior
  3826 | D:5      | Found an ancient bone altar of Kikubaaqudgha.
  3933 | D:4      | Reached XP level 7. HP: 53/57 MP: 6/6
  3969 | D:5      | Reached skill level 10 in Axes
  3981 | D:5      | Slain by a phantom

Illustrated notes

Levels and vault maps discovered:
D:1:      enne_arrival_octagon_isle, layout_basic,
          hellmonk_ecumenical_altar_pennies_from_heaven, feat_on_display
D:2:      layout_basic, minivault_27, serial_bayou_lagoon_a
D:3:      layout_rooms, yredelemnul_forgotten_temple_becter,
          gammafunk_ghost_split, uniq_robin
D:4:      layout_basic, kennysheep_generic_room_15
D:5:      layout_cave_pools, grunt_temple_overflow_open, lemuel_tele_altar,
          hangedman_abyss_or_decor_stabs

Skill      XL: |  1  2  3  4  5  6  7 |
---------------+----------------------+-----
Axes           | 4 5 6 7 8 9 10 | 10.5
Fighting       | |  3.6
Armour         | |  2.4
Dodging        | |  2.1
Shields        | |  0.3

Action                   |  1- 3 |  4- 6 |  7- 9 || total
-------------------------+-------+-------+-------++-------
Melee: Hand axe          |    88 |   148 |    18 ||   254
       Headbutt          |    10 |    21 |     4 ||    35
       Punch             |       |     1 |       ||     1
Throw: Stone             |    13 |       |       ||    13
       Dart              |     2 |       |       ||     2
Invok: Berserk           |       |     1 |     1 ||     2
       Trog's Hand       |       |       |     1 ||     1
Armor: Leather armour    |    10 |       |       ||    10
       Ring mail         |    18 |    49 |    17 ||    84
Dodge: Dodged            |    46 |    63 |    15 ||   124
Block: Kite shield       |       |     6 |    10 ||    16
